 Dungeon Crawl Stone Soup version 0.29.1-13-g9f3cf754e1 (webtiles) character file.

Game seed: 8759848851533765394

49 hbarley the Trooper (level 3, -4/33 HPs)
             Began as a Hill Orc Fighter on Feb 1, 2023.
             Slain by a gnoll
             ... wielding a +0 club
              (5 damage)
             ... on level 2 of the Dungeon.
             The game lasted 00:02:52 (1691 turns).

hbarley the Trooper (Hill Orc Fighter)              Turns: 1691, Time: 00:02:53

Health: -4/33      AC:  6    Str: 22    XL:     3   Next: 77%
Magic:  3/3        EV: 11    Int: 12    God:
Gold:   48         SH:  5    Dex: 16    Spells: 2/2 levels left

rFire   . . .      SeeInvis .   a - +0 war axe
rCold   . . .      Faith    .   c - +0 buckler
rNeg    . . .      Spirit   .   m - +4 robe of Augmentation {Str+4 Int+4 Dex+4}
rPois   .          Reflect  .   (no helmet)
rElec   .          Harm     .   (no cloak)
rCorr   .          Rampage  .   (no gloves)
Will    .....                   (no boots)
Stlth   +.........              (no amulet)
HPRegen 0.11/turn               (no ring)
MPRegen 0.08/turn               (no ring)

@: no status effects
A: no striking features
a: no special abilities


You were on level 2 of the Dungeon.
You visited 1 branch of the dungeon, and saw 2 of its levels.

You collected 48 gold pieces.

Inventory:

Hand Weapons
 a - a +0 war axe (weapon)
Armour
 b - a +0 scale mail
 c - a +0 buckler (worn)
 m - the +4 robe of Augmentation (worn) {Str+4 Int+4 Dex+4}
   (You found it on level 2 of the Dungeon)

   Str:       It affects your strength (+4).
   Int:       It affects your intelligence (+4).
   Dex:       It affects your dexterity (+4).
Jewellery
 l - a ring of see invisible
Scrolls
 e - a scroll of identify {unknown}
 f - a scroll of fear {unknown}
 j - a scroll of teleportation {unknown}
Potions
 d - 2 potions of might
 g - a potion of flight {unknown}
 h - a potion of lignification {unknown}
 i - a potion of degeneration {unknown}
 k - a potion of heal wounds {unknown}


   Skills:
 + Level 4.1 Fighting
 + Level 3.4 Axes
 + Level 3.8 Armour
 + Level 0.1 Dodging
 + Level 3.9 Shields


You had 2 spell levels left.
You didn't know any spells.
Your spell library contained the following spells:

 Spells                   Type           Power      Damage    Failure   Level
 Tukima's Dance           Hex            0%         N/A       77%         3
 Passage of Golubria      Tloc           0%         N/A       99%         4
 Yara's Violent Unravell  Hex/Tmut       0%         3d3       100%        5


Dungeon Overview and Level Annotations

Branches:
Dungeon (2/15)

Altars:

Annotations:
D:2 Sigmund


Message History

A gnoll comes into view. It is wielding a +0 club.
Found a spear.
The gnoll shouts!
Found a sling.
Found a faded altar of an unknown god.
The gnoll shouts!
A bat comes into view.
The bat moves out of view.
The gnoll hits you from afar with a +0 spear.
The gnoll hits you with a +0 flail.
You closely miss the gnoll.
The gnoll hits you from afar with a +0 spear.
The gnoll misses you. You block the gnoll's attack.
You hit the gnoll.
The gnoll is lightly wounded.
You barely miss the gnoll.
The gnoll hits you from afar with a +0 spear!
The gnoll barely misses you. You block the gnoll's attack. x2
You slash the gnoll!
You kill the gnoll!
You completely miss the gnoll. The bat closely misses you.
The gnoll misses you. x2; The gnoll barely misses you. x2
The gnoll hits you from afar with a +0 spear.
The gnoll hits you with a +0 club. The bat hits you but does no damage.
The gnoll hits you with a +0 spear. The gnoll hits you with a +0 club.
* * * LOW HITPOINT WARNING * * *
Things that are here:
a +0 flail; a gnoll corpse The bat barely misses you.
The gnoll closely misses you.
The gnoll hits you from afar with a +0 halberd.
* * * LOW HITPOINT WARNING * * *
The gnoll closely misses you.
You slash the bat!
You kill the bat!
You hit the gnoll. You block the gnoll's attack.
The gnoll hits you from afar with a +0 halberd.
* * * LOW HITPOINT WARNING * * *
The gnoll hits you but does no damage. The gnoll hits you with a +0 club.
You die...

#...# ..## .
#...# .... ###.
#...##_...
....###...#.##..
...............
....)...:...# #.
#...g.?..# ..
#..g@#..# # #.#
#....g.# # #.#
#....### #
#.#+### ###..# #
#.....####...##
#
##.......##.###
#.##..........#
..##........###
####.....##.#


You could see 3 gnolls.

Vanquished Creatures
  A gnoll (D:2)
  An endoplasm (D:1)
  2 giant cockroaches (D:1)
  5 goblins (D:1)
  2 hobgoblins
  5 jackals (D:1)
  5 kobolds (D:1)
  A quokka (D:1)
  6 ball pythons
  A bat (D:2)
  2 frilled lizards
  5 rats (D:1)
36 creatures vanquished.

Notes
Turn   | Place    | Note
-------+----------+-------------------------------------------
     0 | D:1      | hbarley the Hill Orc Fighter began the quest for the Orb.
     0 | D:1      | Reached XP level 1. HP: 19/19 MP: 1/1
   215 | D:1      | Reached XP level 2. HP: 25/27 MP: 2/2
   538 | D:1      | Reached skill level 4 in Fighting
   589 | D:1      | Reached XP level 3. HP: 30/33 MP: 3/3
  1454 | D:2      | Noticed Sigmund
  1624 | D:2      | Found the +4 robe of Augmentation {Str+4 Int+4 Dex+4}
  1683 | D:2      | Found a faded altar of an unknown god.
  1690 | D:2      | HP: 1/33 [gnoll/+0 halberd (4)]
  1691 | D:2      | Slain by a gnoll

Illustrated notes

Levels and vault maps discovered:
D:1:      minmay_arrival_four_loops, layout_basic,
          hangedman_decor_clover_reticule, minmay_misc_feat_four_crosses
D:2:      kennysheep_six_static_rooms, layout_basic,
          ebering_ecumenical_altar_rust, uniq_sigmund

Skill      XL: |  1  2 |
---------------+-------+-----
Fighting       | 4 |  4.1
Axes           | 3 |  3.4
Armour         | |  3.8
Dodging        | |  0.1
Shields        | |  3.9

Action                   || total
-------------------------++-------
Melee: War axe           ||    94
Armor: Scale mail        ||    31
       Robe              ||     2
Dodge: Dodged            ||    62
Block: Buckler           ||    30
